 Dungeon Crawl Stone Soup version 0.22.1-2-g9c5b331383 (webtiles) character file.

82814 Ihlosi the Covert (level 16, 0/105 HPs)
             Began as a Kobold Gladiator on Dec 1, 2018.
             Was the Champion of Kikubaaqudgha.
             Slain by a shambling mangrove (24 damage)
             ... on level 2 of the Swamp on Dec 2, 2018.
             The game lasted 02:31:28 (31317 turns).

Ihlosi the Covert (Kobold Gladiator)               Turns: 31317, Time: 02:31:28

Health: 0/105      AC: 19    Str: 16    XL:     16   Next: 22%
Magic:  0/25       EV: 15    Int: 12    God:    Kikubaaqudgha [******]
Gold:   723        SH:  0    Dex: 19    Spells: 4/27 levels left

rFire    + . .     SeeInvis +   b - +7 double sword (holy)
rCold    . . .     Gourm    .   (shield currently unavailable)
rNeg     . . .     Faith    .   D - +1 swamp dragon scales
rPois    +         Spirit   +   S - +2 helmet {SInv}
rElec    .         Reflect  .   j - scarf {Spirit}
rCorr    .         Harm     .   Q - +2 pair of gloves
MR       +....                  y - +2 pair of boots
Stlth    ++++++....             L - amulet of rage
HPRegen  0.27/turn              l - ring "Ukhlytz" {rF+ Int+3 SInv}
MPRegen  0.19/turn              E - ring of stealth

@: grasped by roots, studying Stealth, very slow
A: small, carnivore
a: Receive Corpses, Torment, Renounce Religion, Evoke Berserk Rage


You were on level 2 of the Swamp.
You worshipped Kikubaaqudgha.
Kikubaaqudgha was exalted by your worship.
You were very full.

You visited 4 branches of the dungeon, and saw 25 of its levels.
You also visited: Labyrinth and Sewer.

You collected 2831 gold pieces.
You spent 2108 gold pieces at shops.

Inventory:

Hand Weapons
 a - the +6 rapier of the Harvest {pain, Str+5 Int+2}
   (You found it on level 8 of the Dungeon)

   In the hands of one skilled in necromantic magic, it inflicts extra damage on
   living creatures.
   It affects your strength (+5).
   It affects your intelligence (+2).
 b - a +7 double sword of holy wrath (weapon)
 c - the +8 arbalest of Caofef {penet, rElec}
   (You found it on level 9 of the Dungeon)

   Ammo fired by it will pass through the targets it hits, potentially hitting
   all targets in its path until it reaches maximum range.
   It insulates you from electricity.
 d - a +2 rapier of electrocution
Missiles
 h - 161 bolts
Armour
 j - a scarf of spirit shield (worn)
 y - a +2 pair of boots (worn)
 D - +1 swamp dragon scales (worn)
 Q - a +2 pair of gloves (worn)
 S - a +2 helmet of see invisible (worn)
Jewellery
 k - an uncursed ring of resist corrosion
 l - the ring "Ukhlytz" (left hand) {rF+ Int+3 SInv}
   (You acquired it on level 6 of the Lair of Beasts)

   [ring of protection from fire]

   It affects your intelligence (+3).
   It protects you from fire.
   It lets you see invisible.
 p - an uncursed amulet of the gourmand
 E - a ring of stealth (right hand)
 L - an amulet of rage (around neck)
 M - an uncursed ring of magical power
 Y - the ring of Jealousy {rC+ rN+ MR+ Int-2}
   (You acquired it on level 10 of the Dungeon)

   [ring of positive energy]

   It affects your intelligence (-2).
   It protects you from cold.
   It protects you from negative energy.
   It affects your resistance to hostile enchantments.
 Z - a +2 ring of slaying
Wands
 r - a wand of scattershot (3)
 v - a wand of digging (9)
 z - a wand of polymorph (56)
 C - a wand of random effects (16)
 J - a wand of flame (37)
 T - a wand of disintegration (2)
 V - a wand of paralysis (12)
Scrolls
 g - a scroll of teleportation
 m - 2 scrolls of identify
 o - 6 scrolls of amnesia
 t - 9 scrolls of remove curse
 x - 3 scrolls of fog
 B - a scroll of summoning
 G - 2 scrolls of magic mapping
 U - 3 scrolls of immolation
Potions
 i - 3 potions of haste
 q - 6 potions of curing
 s - 2 potions of agility
 u - a potion of invisibility
 A - 3 potions of lignification
 F - 2 potions of flight
 N - 2 potions of magic
 O - a potion of cancellation
 W - 2 potions of might
Books
 H - a manual of Stealth
Miscellaneous
 e - a phantom mirror
 X - a lamp of fire
Comestibles
 f - 41 rations


   Skills:
 * Level 13.8 Fighting
 - Level 1.1(10.0) Short Blades
 * Level 10.1 Long Blades
 * Level 8.6 Crossbows
 - Level 2.1 Throwing
 - Level 6.0 Armour
 * Level 11.8 Dodging
 * Level 14.9 Stealth
 - Level 6.0 Spellcasting
 * Level 3.6 Hexes
 * Level 10.2 Necromancy
 - Level 9.0 Evocations


You had 4 spell levels left.
You knew the following spells:

 Your Spells              Type           Power        Failure   Level  Hunger
a - Pain                  Necr           ####         1%          1    None
b - Animate Skeleton      Necr           N/A          1%          1    None
c - Corpse Rot            Necr           N/A          1%          2    ##.....
d - Vampiric Draining     Necr           ####......   1%          3    ###....
e - Confuse               Hex            ##......     22%         3    ###....
f - Dispel Undead         Necr           ####....     13%         5    ######.
g - Necromutation         Tmut/Necr      ###.......   100%        8    #######

Your spell library contained the following spells:

 Spells                   Type           Power        Failure   Level  Hunger
 Sublimation of Blood     Necr           ####......   1%          2    ##.....
 Animate Dead             Necr           N/A          4%          4    ####...
 Confusing Touch          Hex            ##....       7%          1    None
 Corona                   Hex            ##.....      7%          1    None
 Slow                     Hex            ##......     11%         2    ##.....
 Regeneration             Chrm/Necr      ###.......   12%         3    ###....
 Ensorcelled Hibernation  Hex/Ice        #.....       22%         2    ##.....
 Tukima's Dance           Hex            ##......     22%         3    ###....
 Beastly Appendage        Tmut           #.....       30%         1    None
 Freeze                   Ice            #...         30%         1    None
 Sandblast                Erth           #.....       30%         1    None
 Dazzling Spray           Conj/Hex       #.....       41%         3    ###....
 Inner Flame              Hex/Fire       #.......     41%         3    ###....
 Portal Projectile        Hex/Tloc       #.....       41%         3    ###....
 Passwall                 Tmut/Erth      #.......     43%         2    ##.....
 Sticks to Snakes         Tmut           #.......     43%         2    ##.....
 Throw Frost              Conj/Ice       #.....       43%         2    ##.....
 Cause Fear               Hex            ##........   56%         4    ####...
 Gell's Gravitas          Tloc           #.........   67%         3    ###....
 Ozocubu's Armour         Chrm/Ice       #.......     67%         3    ###....
 Spider Form              Tmut/Pois      #.........   67%         3    ###....
 Stone Arrow              Conj/Erth      #.....       67%         3    ###....
 Leda's Liquefaction      Hex/Erth       #.........   83%         4    ####...
 Ice Form                 Ice/Tmut       #.......     97%         4    ####...
 Petrify                  Tmut/Erth      #.......     97%         4    ####...
 Summon Ice Beast         Ice/Summ       #.......     97%         4    ####...
 Summon Lightning Spire   Summ/Air       #.......     97%         4    ####...
 Throw Icicle             Conj/Ice       #.......     97%         4    ####...
 Agony                    Necr           ####....     13%         5    ######.
 Death Channel            Necr           ####......   58%         6    #######
 Excruciating Wounds      Chrm/Necr      ###.......   71%         5    ######.
 Silence                  Hex/Air        #.........   99%         5    ######.
 Blade Hands              Tmut           #.........   100%        5    ######.
 Lee's Rapid Deconstruct  Erth           #.........   100%        5    ######.
 Conjure Ball Lightning   Conj/Air       #.........   100%        6    #######
 Darkness                 Hex            ##........   100%        6    #######
 Deflect Missiles         Chrm/Air       #.........   100%        6    #######
 Dispersal                Tloc           #.........   100%        6    #######
 Haunt                    Necr/Summ      ###.......   100%        7    #######
 Borgnjor's Revivificati  Necr           ####......   100%        8    #######
 Death's Door             Chrm/Necr      ###.......   100%        8    #######
 Infestation              Necr           ####......   100%        8    #######
 Tornado                  Air            #.........   100%        9    #######


Dungeon Overview and Level Annotations

Branches:
Dungeon (14/15)            Temple (0/1) D:4            Lair (6/6) D:10
  Swamp (3/4) Lair:3        Snake (0/4) Lair:4        Slime (0/5) Lair:6
    Orc (2/2) D:12            Elf (0/3) Orc:2
 Vaults: D:13-14

Altars:
Ashenzari
Cheibriados
Dithmenos
Elyvilon
Hepliaklqana
Kikubaaqudgha
Nemelex Xobeh
Okawaru
Qazlal
Sif Muna
Trog
Uskayaw
Wu Jian
Xom
Zin
The Shining One
Jiyva

Shops:
D:5 (   D:6 (   D:9 [   D:11 ?**!   D:13 }   Orc:2 =*}*[

Annotations:
D:3 1 runed door


Innate Abilities, Weirdness & Mutations

You are small and have problems with some larger weapons.
You are carnivorous and can eat meat at any time.


Message History

The hornet stings you. The shambling mangrove hits you!!
* * * LOW HITPOINT WARNING * * *
The hornet stings you but does no damage.
The hornet stings you!
* * * LOW HITPOINT WARNING * * *
You feel yourself slow down.
Okay, then.
Okay, then.
Unknown command.
As you read the scroll of fear, it crumbles to dust.
You assume a fearsome visage.
The hornet looks frightened! x3
The shambling mangrove is unaffected.
You feel yourself speed up.
The shambling mangrove closely misses you.
Okay, then.
You feel better.
A root reaches out and grasps at passing movement.
The shambling mangrove hits you!!
You die...
Kikubaaqudgha rasps: "You have failed me!
Welcome... death!"

♣♣♣♣♣≈≈.♣♣♣♣♣ ≈♣ ♣♣♣♣
♣♣≈....≈≈....♣♣ ≈≈♣ ..≈♣♣
♣♣♣.≈≈......≈≈≈≈♣ .≈.♣
.≈≈≈♣♣♣♣♣≈..≈≈≈..≈≈≈≈≈≈≈♣♣≈...♣
≈≈≈....≈.≈..≈≈.♣.≈≈≈♣♣♣≈..≈..♣
........≈≈≈..≈..≈≈♣♣♣♣♣.≈≈≈≈.♣
§...(..≈.≈≈≈......♣♣y..≈≈≈≈≈..♣
......).≈≈≈≈≈≈≈≈.≈≈≈..≈≈≈≈≈≈...♣
≈♣..≈≈≈.≈≈≈≈y≈≈.@♣♣≈.≈≈≈≈≈≈≈≈.≈♣
....≈≈≈≈≈≈≈.≈≈.f♣♣≈.≈≈≈≈≈≈≈≈≈≈.♣
..)≈≈≈....≈♣.....≈≈≈.≈≈≈≈≈≈≈≈≈.♣
≈≈♣.≈≈.≈♣≈♣.≈≈.....≈.≈...≈≈≈..≈♣
≈..≈≈≈≈≈♣♣♣♣.≈..≈....♣..≈≈≈≈≈.♣
...≈.≈♣ ♣....≈.≈...≈.≈D≈..≈
≈.≈♣♣≈♣ ♣.y§≈.≈..♣♣.≈≈≈.≈
≈≈.♣.<♣ .≈.§≈.♣♣♣♣ .f≈≈.≈
≈≈.†♣♣♣ .≈...≈≈ ≈≈≈.≈


You could see a shambling mangrove and 3 hornets.

Vanquished Creatures
  Kirke (D:12)
  Nessos (Lair:6)
  A minotaur (Lab)
  Josephine (D:13)
  A fire dragon (Lair:6)
  6 hydras
  A catoblepas (Lair:5)
  9 two-headed ogres
  2 alligators (Swamp:1)
  2 death knights
  2 ogre magi (Orc:2)
  5 death yaks
  Urug (D:13)
  A spriggan (Swamp:2)
  6 skeletal warriors
  A slime creature (Swamp:1)
  A shambling mangrove (Swamp:1)
  2 deep trolls (Orc:2)
  A swamp dragon (Lair:6)
  An orc sorcerer (Orc:2)
  An oklob plant (Lair:2)
  2 orc knights
  A wolf spider (Lair:6)
  An ugly thing (D:11)
  A cyclops (Orc:2)
  3 manticores
  A guardian serpent (Lair:6)
  10 black mambas
  2 gargoyles
  A centaur zombie (D:10)
  13 spiny frogs
  8 komodo dragons
  2 rime drakes (Lair:6)
  A minotaur skeleton (Lab)
  6 trolls
  8 hornets
  A meliai zombie (D:11)
  3 tyrant leeches (Swamp:1)
  4 dream sheep
  6 hippogriffs
  3 bog bodies (Swamp:1)
  11 blink frogs
  3 redbacks
  8 wraiths
  20 yaks
  A shadow (Swamp:2)
  12 wyverns
  Grum (D:9)
  2 hogs (D:12)
  5 basilisks
  10 hungry ghosts
  15 vampire mosquitoes
  2 steam dragons (Lair:6)
  3 swamp worms
  4 insubstantial wisps (Swamp:2)
  3 wargs
  3 hell hounds (D:10)
  2 acid dragons (Lair:6)
  14 water moccasins
  Duvessa (D:6)
  18 orc warriors
  A sky beast (D:5)
  4 porcupines
  3 phantoms
  24 ogres
  4 ice beasts
  7 wolves
  A boggart (D:12)
  5 centaurs
  9 crocodiles
  6 big kobolds
  12 bullfrogs
  Dowan (D:6)
  A water moccasin zombie (D:8)
  A scorpion (D:7)
  13 wights
  2 howler monkeys
  2 electric eels (D:7)
  4 crimson imps
  2 hounds
  A quasit (D:9)
  A bullfrog zombie (D:12)
  6 jellies
  3 centaur skeletons
  4 bullfrog skeletons
  9 orc priests
  14 orc wizards
  Crazy Yiuf (D:4)
  5 iguanas
  14 worker ants
  2 hound skeletons
  A howler monkey zombie (D:5)
  A worker ant zombie (D:4)
  Robin (D:4)
  16 adders
  7 gnolls
  A river rat (Sewer)
  A shadow imp (D:2)
  A white imp (D:9)
  2 oozes (Sewer)
  8 worms
  5 leopard geckos
  77 orcs
  9 giant cockroaches
  19 goblins
  11 hobgoblins
  8 jackals
  65 kobolds
  3 quokkas
  4 ball pythons
  9 bats
  A frilled lizard (D:1)
  A leopard gecko skeleton (D:4)
  A leopard gecko zombie (D:6)
  2 quokka skeletons
  A quokka zombie (D:7)
  14 rats
  A plant (Lair:2)
694 creatures vanquished.

Vanquished Creatures (collateral kills)
  A hydra (Swamp:1)
  4 two-headed ogres (Orc:2)
  An orc high priest (Orc:2)
  A death drake (Lair:3)
  A deep elf mage (D:12)
  An orc sorcerer (Orc:2)
  A cyclops (Orc:2)
  A black mamba (Lair:5)
  2 spiny frogs
  A polar bear (D:9)
  4 trolls (Orc:2)
  A tyrant leech (Lair:3)
  2 blink frogs (Lair:1)
  3 hippogriffs
  A slime creature (Swamp:1)
  A wraith (D:13)
  6 yaks
  3 vampire mosquitoes
  2 water moccasins (Lair:6)
  7 ogres
  A phantom (D:10)
  A wolf (Lair:1)
  3 centaurs
  A bullfrog (D:12)
  A scorpion (D:7)
  3 wights
  A bullfrog zombie (D:13)
  3 jellies
  A bullfrog skeleton (D:7)
  An orc wizard (Orc:2)
  A worker ant (D:9)
  An adder (D:9)
  A white imp (D:9)
  An adder simulacrum (D:9)
  7 orcs
  3 kobolds (D:5)
  2 fungi
  4 plants
80 creatures vanquished.

Vanquished Creatures (others)
  A centaur skeleton (D:12)
  2 humans (D:12)
  A sky beast (D:6)
  A scorpion (D:12)
  A gnoll (D:5)
  2 orcs
  A kobold (D:5)
  12 fungi
  27 plants (Lair:6)
48 creatures vanquished.

Grand Total: 822 creatures vanquished

Notes
Turn   | Place    | Note
-------+----------+-------------------------------------------
     0 | D:1      | Ihlosi the Kobold Gladiator began the quest for the Orb.
     0 | D:1      | Reached XP level 1. HP: 12/12 MP: 1/1
    59 | D:1      | Reached XP level 2. HP: 10/17 MP: 2/2
   176 | D:1      | Reached skill level 1 in Stealth
   518 | D:1      | Reached XP level 3. HP: 22/22 MP: 3/3
   990 | D:2      | Reached skill level 1 in Armour
  1186 | D:2      | Found a transporter.
  1190 | D:2      | Reached XP level 4. HP: 27/27 MP: 4/4
  1222 | D:2      | Found a transporter.
  1243 | D:2      | Found an ancient bone altar of Kikubaaqudgha.
  1259 | D:2      | Became a worshipper of Kikubaaqudgha
  1264 | D:2      | Found a shadowy altar of Dithmenos.
  1287 | D:2      | Found a bloodstained altar of Trog.
  1526 | D:2      | Found a glowing golden altar of the Shining One.
  1651 | D:2      | Found a stormy altar of Qazlal.
  1672 | D:2      | Found a shattered altar of Ashenzari.
  1896 | D:3      | Reached skill level 2 in Stealth
  1915 | D:3      | Found a glowing drain.
  1980 | Sewer    | Entered a sewer
  2067 | Sewer    | Reached XP level 5. HP: 24/32 MP: 5/5
  2200 | Sewer    | Reached * piety under Kikubaaqudgha
  2200 | Sewer    | Identified Kikubaaqudgha's Volume of Sinister Magic
                  | (Kikubaaqudgha gifted it to you in a sewer)
  2200 | Sewer    | Received a gift from Kikubaaqudgha
  2205 | Sewer    | Learned a level 1 spell: Pain
  2208 | Sewer    | Learned a level 2 spell: Corpse Rot
  2911 | D:3      | Found a glowing golden altar of the Shining One.
  2912 | D:3      | Found a runed door.
  2912 | D:3      | Noticed an angel
  2965 | D:3      | Learned a level 1 spell: Animate Skeleton
  3081 | D:3      | Reached skill level 1 in Spellcasting
  3168 | D:3      | Reached skill level 1 in Necromancy
  3324 | D:3      | Reached ** piety under Kikubaaqudgha
  3587 | D:3      | Reached XP level 6. HP: 36/37 MP: 7/7
  3850 | D:3      | Found a deep blue altar of Sif Muna.
  4100 | D:4      | Reached skill level 3 in Stealth
  4127 | D:4      | Noticed a phantom
  4387 | D:4      | Found a runed door.
  4391 | D:4      | Noticed Crazy Yiuf
  4398 | D:4      | Killed Crazy Yiuf
  4513 | D:4      | Noticed Robin
  4763 | D:4      | Killed Robin
  4925 | D:3      | Reached skill level 4 in Stealth
  4956 | D:4      | Reached XP level 7. HP: 25/42 MP: 5/9
  4974 | D:4      | Found a staircase to the Ecumenical Temple.
  5334 | D:5      | Entered Level 5 of the Dungeon
  5369 | D:5      | Found a sparkling altar of Nemelex Xobeh.
  5386 | D:5      | Reached *** piety under Kikubaaqudgha
  5386 | D:5      | Identified Kikubaaqudgha's Guide on Sinister Secrets
                  | (Kikubaaqudgha gifted it to you on level 5 of the Dungeon)
  5386 | D:5      | Received a gift from Kikubaaqudgha
  5491 | D:5      | Found a white marble altar of Elyvilon.
  5613 | D:5      | Found Gaow's Antique Weapon Boutique.
  5642 | D:5      | Bought a slimy long sword for 170 gold pieces
  5642 | D:5      | Identified the cursed +3 long sword of Urgency {flame,
                  | *Drain +Fly Dex+3} (You bought it in a shop on level 5 of
                  | the Dungeon)
  5751 | D:5      | Reached skill level 1 in Evocations
  5751 | D:5      | Reached XP level 8. HP: 45/48 MP: 11/11
  6292 | D:5      | Reached **** piety under Kikubaaqudgha
  6292 | D:5      | Reached skill level 5 in Stealth
  6520 | D:5      | Reached skill level 5 in Fighting
  6536 | D:5      | Reached skill level 5 in Long Blades
  7043 | D:6      | Found a shimmering altar of Xom.
  7049 | D:6      | Found Xexuz's Antique Weapon Boutique.
  7054 | D:6      | Bought a glowing falchion for 156 gold pieces
  7057 | D:6      | Noticed Duvessa
  7057 | D:6      | Noticed Dowan
  7070 | D:6      | Found a hazy altar of Hepliaklqana.
  7084 | D:6      | Reached skill level 5 in Dodging
  7085 | D:6      | Killed Duvessa
  7085 | D:6      | Reached XP level 9. HP: 34/54 MP: 7/13
  7090 | D:6      | Killed Dowan
  7151 | D:6      | Reached skill level 6 in Stealth
  7622 | D:6      | Got an uncursed scorched hunting sling {freeze}
  7624 | D:6      | Identified the +2 hunting sling of the Unspeakable One
                  | {freeze, rC+} (You took it off an orc on level 6 of the
                  | Dungeon)
  8071 | D:6      | Found an iron altar of Okawaru.
  8359 | D:6      | Found a snail-covered altar of Cheibriados.
  8711 | D:7      | Noticed a hippogriff
  8722 | D:7      | Killed a hippogriff
  8740 | D:7      | Noticed a hippogriff
  8750 | D:7      | Killed a hippogriff
  8775 | D:7      | Reached XP level 10. HP: 49/63 MP: 14/14
  8809 | D:7      | Reached ***** piety under Kikubaaqudgha
  8852 | D:7      | Reached skill level 5 in Evocations
  9932 | D:8      | Found a glowing silver altar of Zin.
  9979 | D:8      | Got an encrusted rapier
  9981 | D:8      | Identified the +6 rapier of the Harvest {pain, Str+5 Int+2}
                  | (You found it on level 8 of the Dungeon)
 10219 | D:8      | Found a hide-covered altar of Uskayaw.
 10417 | D:9      | Reached skill level 1 in Short Blades
 10590 | D:9      | Reached XP level 11. HP: 51/69 MP: 12/16
 10619 | D:9      | Noticed a two-headed ogre
 10633 | D:9      | Killed a two-headed ogre
 10647 | D:9      | Noticed Grum
 10919 | D:9      | Reached skill level 5 in Necromancy
 10923 | D:9      | Killed Grum
 11176 | D:9      | Found an ornate altar of the Wu Jian Council.
 11178 | D:9      | Got an ancient arbalest
 11239 | D:9      | Found Guvo's Antique Armour Shoppe.
 11252 | D:9      | Bought a runed helmet for 262 gold pieces
 11500 | D:10     | Entered Level 10 of the Dungeon
 11507 | D:10     | Found a staircase to the Lair.
 11581 | D:10     | Reached ****** piety under Kikubaaqudgha
 12088 | D:10     | Reached skill level 10 in Fighting
 12101 | D:10     | Identified the +8 arbalest of Caofef {penet, rElec} (You
                  | found it on level 9 of the Dungeon)
 12209 | D:10     | Identified a scroll of acquirement
 12210 | D:10     | Got a crude amber ring
 12211 | D:10     | Identified the ring of Jealousy {rC+ rN+ MR+ Int-2} (You
                  | acquired it on level 10 of the Dungeon)
 12325 | D:11     | Noticed a skeletal warrior
 12326 | D:11     | Noticed a death knight
 12373 | D:10     | Learned a level 5 spell: Dispel Undead
 12377 | D:10     | Learned a level 3 spell: Vampiric Draining
 12387 | D:10     | Noticed a hell knight
 12481 | Lair:1   | Entered Level 1 of the Lair of Beasts
 12515 | Lair:1   | Reached skill level 5 in Spellcasting
 12710 | Lair:1   | Reached skill level 7 in Stealth
 12768 | Lair:1   | Reached skill level 1 in Crossbows
 12771 | Lair:1   | Reached XP level 12. HP: 67/77 MP: 16/19
 14019 | Lair:2   | Reached skill level 8 in Stealth
 14622 | Lair:3   | Noticed Sonja
 14634 | Lair:3   | Noticed Sonja
 14634 | Lair:3   | Sonja changed into Sonja the death drake
 14641 | Lair:3   | Killed Sonja the death drake
 14717 | Lair:3   | Found a staircase to the Swamp.
 14815 | Lair:3   | Reached skill level 9 in Stealth
 15380 | Lair:4   | Identified the Collected Works on Spatial Evil Magic
 15421 | Lair:4   | Noticed a four-headed hydra
 15439 | Lair:4   | Killed a four-headed hydra
 15531 | Lair:4   | Found a staircase to the Snake Pit.
 15746 | Lair:4   | Noticed a death yak
 15748 | Lair:4   | Noticed a death yak
 15748 | Lair:4   | Noticed a death yak
 15777 | Lair:4   | Noticed a death yak
 15786 | Lair:4   | Killed a death yak
 15786 | Lair:4   | Reached XP level 13. HP: 32/84 MP: 9/22
 16207 | Lair:4   | Noticed an eight-headed hydra
 16216 | Lair:4   | Killed an eight-headed hydra
 16814 | Lair:5   | Found a labyrinth entrance.
 16826 | Lab      | Entered a labyrinth
 17406 | Lab      | Noticed a minotaur
 17411 | Lab      | Killed a minotaur
 17411 | Lab      | Reached skill level 5 in Crossbows
 17608 | Lair:5   | Noticed a catoblepas
 17627 | Lair:5   | Killed a catoblepas
 18329 | Lair:6   | Entered Level 6 of the Lair of Beasts
 18525 | Lair:6   | Noticed Nessos
 18948 | Lair:6   | Reached skill level 10 in Stealth
 19206 | Lair:6   | Reached XP level 14. HP: 61/92 MP: 16/23
 19572 | Lair:6   | Reached skill level 11 in Stealth
 19629 | Lair:6   | Found a viscous altar of Jiyva.
 19630 | Lair:6   | Found a staircase to the Slime Pits.
 19700 | Lair:6   | Got a coiled silver ring
 19703 | Lair:6   | Identified the ring "Ukhlytz" {rF+ Int+3 SInv} (You
                  | acquired it on level 6 of the Lair of Beasts)
 19799 | Lair:6   | Learned a level 3 spell: Confuse
 20068 | Lair:6   | Received a gift from Kikubaaqudgha
 20147 | Lair:6   | Got an encrusted falchion
 20148 | Lair:6   | Identified the +6 falchion of Doubt {freeze, *Corrode rC+
                  | Int+6} (You found it on level 6 of the Lair of Beasts)
 20302 | Lair:6   | Reached skill level 10 in Dodging
 20304 | Lair:6   | Killed Nessos
 20337 | Lair:6   | Reached skill level 12 in Stealth
 22101 | D:9      | Bought a bloodstained scale mail for 315 gold pieces
 22112 | D:9      | Identified the +1 scale mail of Ennui {rPois Dex+2 Stlth+}
                  | (You bought it in a shop on level 9 of the Dungeon)
 22679 | D:11     | Found Iqeok's Magic Scroll Boutique.
 22835 | D:11     | Found Nutyteun's General Store.
 22923 | D:11     | Found Witriz's General Store.
 22958 | D:11     | Found a glowing silver altar of Zin.
 22970 | D:11     | Found Zisefath's Distillery.
 23335 | D:12     | Noticed Maurice
 23341 | D:12     | Noticed Maurice
 23341 | D:12     | Maurice changed into Maurice the boggart
 23342 | D:12     | Killed Maurice the boggart
 23379 | D:12     | Identified the Guide on Captivating Changing
 23440 | D:12     | Noticed Kirke
 23451 | D:12     | Killed Kirke
 23451 | D:12     | Reached skill level 13 in Stealth
 23514 | D:12     | Found a staircase to the Orcish Mines.
 24674 | D:12     | Reached XP level 15. HP: 42/98 MP: 10/24
 25237 | Orc:1    | Entered Level 1 of the Orcish Mines
 25323 | D:12     | Reached skill level 1 in Hexes
 25634 | Orc:1    | Reached skill level 5 in Armour
 25886 | Orc:2    | Entered Level 2 of the Orcish Mines
 26012 | Orc:2    | Found a staircase to the Elven Halls.
 26553 | Orc:2    | Reached skill level 14 in Stealth
 26827 | Orc:2    | Found Burel's Jewellery Shop.
 26831 | Orc:2    | Found Kydaich's General Store.
 26836 | Orc:2    | Found Yxtiefak's Antique Armour Shoppe.
 26837 | Orc:2    | Found Dijoilen's Gadget Emporium.
 26946 | Orc:2    | Found Orchofem's Assorted Antiques.
 27692 | Orc:2    | Bought shiny swamp dragon scales for 1060 gold pieces
 27728 | Orc:2    | Bought a glowing cameo amulet for 145 gold pieces
 28014 | D:13     | Found Keafur's Gadget Boutique.
 28110 | D:13     | Noticed Josephine
 28119 | D:13     | Killed Josephine
 28831 | D:13     | Noticed Urug
 28838 | D:13     | Killed Urug
 29091 | D:14     | Reached skill level 10 in Necromancy
 29559 | Swamp:1  | Entered Level 1 of the Swamp
 29913 | Swamp:1  | Reached XP level 16. HP: 74/105 MP: 22/25
 30414 | Swamp:1  | Reached skill level 10 in Long Blades
 31031 | Swamp:2  | You are sucked into a shaft!
 31293 | Swamp:2  | Learned a level 8 spell: Necromutation
 31317 | Swamp:2  | Slain by a shambling mangrove

Skill      XL: |  1  2  3  4  5  6  7  8  9 10 11 12 13 14 15 16 |
---------------+-------------------------------------------------+-----
Stealth        | 1 2 4 5 6 7 9 10 13 14 | 14.9
Armour         | 1 2 3 4 6 |  6.0
Long Blades    | 3 4 5 6 7 8 9 10 | 10.1
Dodging        | 4 5 6 7 8 9 10 11 | 11.8
Fighting       | 3 4 5 7 8 10 11 12 13 | 13.8
Spellcasting   | 1 2 3 5 6 |  6.0
Necromancy     | 1 2 3 4 5 6 8 9 10 | 10.2
Evocations     | 1 2 4 5 7 8 9 |  9.0
Short Blades   | 1 |  1.1
Crossbows      | 1 4 5 7 8 |  8.6
Hexes          | 3 |  3.6
Throwing       | |  2.1

Action                   |  1- 3 |  4- 6 |  7- 9 | 10-12 | 13-15 | 16-18 || total
-------------------------+-------+-------+-------+-------+-------+-------++-------
Melee: Long sword        |    79 |   295 |   224 |   108 |       |       ||   706
       Short sword       |       |       |    66 |       |       |       ||    66
       Falchion          |       |       |    41 |       |    12 |       ||    53
       Rapier            |       |       |       |   472 |   920 |    72 ||  1464
       Double sword      |       |       |       |       |    41 |    46 ||    87
 Fire: Arbalest          |       |       |       |       |    41 |     3 ||    44
Throw: Throwing net      |       |     3 |       |       |       |       ||     3
 Cast: Animate Skeleton  |       |       |     2 |    55 |    85 |     3 ||   145
       Corpse Rot        |       |       |       |     2 |     3 |       ||     5
       Dispel Undead     |       |       |       |       |     9 |       ||     9
       Pain              |       |       |       |       |     3 |       ||     3
       Confuse           |       |       |       |       |     1 |       ||     1
Invok: Receive Necronomi |       |       |       |       |     1 |       ||     1
Evoke: Wand              |       |       |    14 |    14 |    53 |    10 ||    91
       Lamp of fire      |       |       |       |       |     3 |       ||     3
  Use: Scroll            |       |     6 |    10 |    13 |    31 |     4 ||    64
       Potion            |       |       |     1 |     4 |     9 |     2 ||    16
 Stab: Sleeping          |     2 |     6 |     3 |    32 |    27 |     1 ||    71
       Held in net/web   |       |     5 |       |       |       |       ||     5
       Distracted        |       |       |       |     1 |     6 |     2 ||     9
       Paralysed         |       |       |       |       |    10 |       ||    10
  Eat: Chunk             |     9 |     8 |    16 |    25 |    53 |     3 ||   114
       Ration            |       |       |       |       |     3 |       ||     3
Armor: Leather armour    |    24 |    48 |   109 |    87 |    71 |       ||   339
       Swamp dragon scal |       |       |       |       |   116 |    41 ||   157
Dodge: Dodged            |    76 |   282 |   295 |   463 |   881 |   146 ||  2143
       Rpst.: Long sword |    27 |    88 |    77 |    35 |       |       ||   227
       Falchion          |       |       |     7 |       |     1 |       ||     8
       Double sword      |       |       |       |       |    22 |    15 ||    37
